AoeStats
← idefixyeee

Black Forest

510384953Analyzed
3v3 RM · 2d ago on Sep 30, 2026· 70m 50s· 6 players
Game mode
Random Map
Map size
Normal (6 player)
Population
200
Speed
Normal
Resources
Standard
Victory
Conquest
Starting age
Dark Age
Ending age
Imperial Age
RankedLock teamsTeams togetherTeam positionsShared explorationLock speedFull tech treeHidden civsTurbo modeCheats
Victory
Defeat
🇨🇦 Britons · Canada
1279
+17
1271
+17
🇵🇪 Berbers · Peru
1269
+17
🇫🇮 Varangians · Finland
1353
-20
🇩🇪 Ethiopians · Germany
1327
-18
🇨🇿 Danes · Czechia
1203
-13
Pinchost
0:28 Loom
0:47 Loom
11:56 Feudal Age
17:15 Fletching
19:25 Double-Bit Axe
21:47 Castle Age
20:35 Stone Mining
25:00 Bloodlines
26:29 Scale Barding Armor
28:48 Wheelbarrow
30:12 Hand Cart
30:34 Gold Mining
31:46 Forging
34:52 Imperial Age
32:10 Horse Collar
32:59 Ballistics
33:46 Husbandry
34:40 Gold Shaft Mining
35:48 Iron Casting
35:34 Chain Barding Armor
34:57 Cavalier
40:37 Plate Barding Armor
41:03 Blast Furnace
43:28 Man-at-Arms
43:53 Arson
44:09 Squires
44:11 Scale Mail Armor
44:07 Bodkin Arrow
43:49 Elite Camel Archer
44:50 Conscription
44:36 Kasbah
44:14 Long Swordsman
46:42 Two-Handed Swordsman
47:40 Chain Mail Armor
47:25 Bracer
47:53 Champion
50:10 Plate Mail Armor
51:48 Bow Saw
51:49 Caravan
58:31 Light Cavalry
60:01 Onager
64:08 Hussar
67:15 Capped Ram
70:38 Heavy Plow
VP789
11:37 Feudal Age
11:20 Loom
15:25 Castle Age
14:04 Double-Bit Axe
18:25 Loom
18:57 Town Watch
23:09 Fletching
24:05 Bodkin Arrow
26:00 Fishing Lines
27:36 Gold Mining
28:24 Gillnets
30:40 Wheelbarrow
33:00 Imperial Age
30:59 Padded Archer Armor
31:46 Stone Mining
32:32 Gold Shaft Mining
32:30 Leather Archer Armor
32:16 Horse Collar
32:49 Bow Saw
33:14 Ballistics
33:17 Capped Ram
34:33 Bracer
36:25 Chemistry
36:58 Conscription
38:39 Elite Longbowman
39:27 Elite Longbowman
42:11 Ring Archer Armor
41:47 Scale Barding Armor
41:45 Scale Mail Armor
41:55 Forging
42:07 Yeomen
42:51 Man-at-Arms
43:16 Gambesons
43:31 Squires
43:45 Long Swordsman
46:00 Chain Mail Armor
46:21 Iron Casting
45:09 Two-Handed Swordsman
46:31 Champion
48:59 Plate Mail Armor
49:19 Caravan
51:37 Yeomen
52:39 Arson
56:50 Warwolf
58:13 Hoardings
64:29 Blast Furnace
64:41 Masonry
64:26 Murder Holes
66:19 Hand Cart
67:56 Two-Man Saw
70:03 Fortified Wall
boom n type gg noob team
2:33 Loom
10:43 Feudal Age
11:10 Man-at-Arms
12:07 Arson
16:06 Wheelbarrow
17:55 Fletching
18:42 Fishing Lines
18:51 Double-Bit Axe
19:54 Padded Archer Armor
19:56 Stone Mining
24:46 Gold Mining
28:32 Castle Age
29:59 Hand Cart
30:06 Bodkin Arrow
33:27 Imperial Age
31:13 Gillnets
32:09 Hand Cart
32:20 Bow Saw
33:39 Gold Shaft Mining
36:08 Conscription
36:24 Hoardings
35:51 Guard Tower
36:15 Masonry
35:57 Guard Tower
35:48 Treadmill Crane
36:51 Ballistics
36:27 Murder Holes
36:04 Pikeman
36:44 Squires
37:11 Forging
37:02 Scale Mail Armor
37:09 Bracer
37:25 Fortified Wall
37:26 Guard Tower
37:22 Arrowslits
38:37 Chemistry
38:53 Halberdier
40:38 Iron Casting
40:18 Chain Mail Armor
41:00 Keep
41:58 Kataparuto
41:57 Siege Engineers
43:40 Blast Furnace
43:11 Plate Mail Armor
44:48 Keep
46:11 Two-Man Saw
45:34 Yasama
48:31 Gambesons
48:07 Long Swordsman
49:46 Leather Archer Armor
49:45 Clinker Construction
49:26 Two-Handed Swordsman
50:48 Coinage
50:05 Champion
51:57 Ring Archer Armor
52:04 Banking
54:06 Scale Barding Armor
55:45 Fervor
idefixyeee
2:51 Loom
13:01 Feudal Age
14:02 Double-Bit Axe
16:13 Fletching
16:24 Padded Archer Armor
18:34 Wheelbarrow
24:24 Castle Age
23:11 Bloodlines
23:27 Horse Collar
23:46 Gold Mining
25:26 Bow Saw
25:22 Scale Barding Armor
25:27 Forging
25:39 Leather Archer Armor
25:28 Husbandry
25:50 Town Watch
29:12 Hand Cart
38:23 Imperial Age
36:21 Heavy Plow
37:49 Chain Barding Armor
38:06 Vendel Legacy
39:19 Cavalier
40:31 Conscription
40:37 Capped Ram
44:06 Crossbowman
49:17 Elite Skirmisher
51:40 Ballistics
52:33 Chemistry
56:11 Bodkin Arrow
57:08 Leather Archer Armor
58:00 Caravan
58:29 Bracer
59:59 Leather Archer Armor
62:58 Ring Archer Armor
pirate.king7
6:53 Loom
11:23 Feudal Age
12:33 Double-Bit Axe
15:30 Castle Age
13:28 Gold Mining
13:52 Horse Collar
14:28 Fletching
16:13 Bodkin Arrow
17:52 Crossbowman
20:05 Bow Saw
24:18 Wheelbarrow
24:35 Padded Archer Armor
27:33 Hand Cart
30:32 Gold Shaft Mining
30:02 Heavy Plow
33:02 Imperial Age
33:15 Stone Mining
33:34 Scale Mail Armor
33:45 Forging
33:52 Leather Archer Armor
35:05 Chemistry
34:26 Ballistics
34:11 Capped Ram
34:25 Onager
36:59 Chain Mail Armor
37:20 Iron Casting
37:36 Siege Onager
38:41 Squires
38:26 Arson
39:15 Plate Mail Armor
40:16 Blast Furnace
39:19 Bracer
39:51 Conscription
39:24 Halberdier
45:05 Torsion Engines
45:31 Siege Ram
47:33 Heavy Scorpion
48:43 Siege Engineers
49:37 Man-at-Arms
51:08 Long Swordsman
52:00 Bracer
54:20 Caravan
54:51 Coinage
54:06 Two-Handed Swordsman
57:18 Banking
pavifa
4:24 Loom
11:26 Feudal Age
11:32 Man-at-Arms
12:10 Arson
13:28 Forging
14:36 Double-Bit Axe
18:17 Fishing Lines
23:59 Castle Age
22:40 Wheelbarrow
24:48 Castle Age
23:45 Horse Collar
23:57 Gold Mining
25:55 Elite Skirmisher
27:07 Fletching
27:18 Padded Archer Armor
28:11 Hand Cart
28:06 Bodkin Arrow
29:29 Gold Shaft Mining
28:58 Heavy Plow
29:56 Scale Mail Armor
30:33 Iron Casting
30:51 Bow Saw
35:05 Imperial Age
32:22 Town Watch
35:47 Leather Archer Armor
36:08 Bracer
36:22 Masonry
36:53 Scale Mail Armor
37:45 Ballistics
37:52 Gillnets
39:11 Northmen's Fury
39:13 Onager
40:53 Siege Onager
41:57 Siege Engineers
43:52 Chemistry
44:03 Caravan
47:13 Elite Jomsviking
48:54 Chain Mail Armor
50:01 Town Patrol
50:23 Conscription
52:50 Hamask
56:02 Plate Mail Armor
56:32 Blast Furnace
56:02 Ring Archer Armor
56:00 Gambesons
56:15 Squires
55:39 Pikeman
57:52 Hoardings
60:12 Murder Holes
59:40 Capped Ram
61:01 Siege Ram
63:22 Long Swordsman
63:55 Two-Handed Swordsman
64:31 Champion
Connection lost

Rejoining the realm…

Still unreachable

The connection could not be restored.

Session expired

The server has moved on; the page needs a fresh start.